 Dungeon Crawl Stone Soup version 0.24.0-13-gcf9b319 (webtiles) character file.

Game seed: 2652211955416918190, levelgen mode: deterministic

45 Fortress the Conjurer (level 3, -9/26 HPs)
             Began as a Draconian Conjurer on Feb 10, 2020.
             Mangled by Crazy Yiuf
             ... wielding a +4 quarterstaff of chaos
              (13 damage)
             ... while paralysed by Crazy Yiuf
             ... on level 2 of the Dungeon.
             The game lasted 00:03:05 (1146 turns).

Fortress the Conjurer (Draconian Conjurer)          Turns: 1146, Time: 00:03:06

Health: -9/26      AC:  5    Str: 10    XL:     3   Next: 42%
Magic:  4/6        EV:  2    Int: 16    God:
Gold:   72         SH:  0    Dex: 11    Spells: 5/6 levels left

rFire    . . .     SeeInvis .   m - +0 rapier
rCold    . . .     Gourm    .   (no shield)
rNeg     . . .     Faith    .   (armour unavailable)
rPois    .         Spirit   .   (helmet restricted)
rElec    .         Reflect  .   (no cloak)
rCorr    .         Harm     .   (no gloves)
MR       .....                  (no boots)
Stlth    ++........             (no amulet)
HPRegen  0.08/turn              (no ring)
MPRegen  0.10/turn              (no ring)

@: paralysed, slowed
A: unfitting armour, cold-blooded, AC +5
a: no special abilities


You were on level 2 of the Dungeon.
You were not hungry.

You visited 1 branch of the dungeon, and saw 2 of its levels.

You collected 72 gold pieces.

Inventory:

Hand Weapons
 m - a +0 rapier (weapon)
Missiles
 f - 6 poisoned darts (quivered)
Jewellery
 j - a +3 ring of dexterity {unknown}
Scrolls
 a - a scroll of teleportation {unknown}
 e - a scroll of magic mapping {unknown}
 g - 3 scrolls of identify {unknown}
 i - a scroll of remove curse {unknown}
Potions
 c - 2 potions of curing {unknown}
 d - 3 potions of heal wounds {unknown}
 h - a potion of flight {unknown}
 l - a potion of agility {unknown}
Comestibles
 b - 5 rations
 k - a chunk of flesh


   Skills:
 + Level 2.0 Dodging
 + Level 1.8 Stealth
 + Level 0.9 Unarmed Combat
 + Level 2.3 Spellcasting
 + Level 4.7 Conjurations


You had 5 spell levels left.
You knew the following spells:

 Your Spells              Type           Power        Failure   Level  Hunger
a - Magic Dart            Conj           ###.         3%          1    #......

Your spell library contained the following spells:

 Spells                   Type           Power        Failure   Level  Hunger
 Searing Ray              Conj           ###...       4%          2    ###....
 Dazzling Spray           Conj/Hex       #.....       22%         3    ###....
 Iskenderun's Mystic Bla  Conj           ###.....     28%         4    #####..
 Force Lance              Conj/Tloc      #.......     58%         4    #####..
 Fulminant Prism          Conj/Hex       #.........   58%         4    #####..


Dungeon Overview and Level Annotations

Branches:
Dungeon (2/15)

Altars:

Annotations:
D:2 Crazy Yiuf


Innate Abilities, Weirdness & Mutations

Your plain brown scales are hard. (AC +5)
You cannot fit into any form of body armour.
You are cold-blooded and may be slowed by cold attacks.


Message History

Press: ? - help, Shift-Dir - straight line, f - Crazy Yiuf
Aim: Crazy Yiuf, wielding a +4 quarterstaff of chaos and wearing a +0 cloak The magic dart hits Crazy Yiuf but does no damage.
Crazy Yiuf barely misses you.
Casting: Magic Dart (safe; 3% risk of failure)
Confirm with . or Enter, or press ? or * to list all spells.
Aiming: Magic Dart (safe; 3% risk of failure)
Press: ? - help, Shift-Dir - straight line, f/p - Crazy Yiuf
Aim: Crazy Yiuf, wielding a +4 quarterstaff of chaos and wearing a +0 cloak The magic dart hits Crazy Yiuf.
Crazy Yiuf is moderately wounded.
Crazy Yiuf hits you with a +4 quarterstaff of chaos!
You suddenly lose the ability to move!
Crazy Yiuf hits you with a +4 quarterstaff of chaos!
* * * LOW HITPOINT WARNING * * *
You feel yourself slow down. Crazy Yiuf freezes you.
* * * LOW HITPOINT WARNING * * *
Crazy Yiuf hits you with a +4 quarterstaff of chaos!
Ouch! That really hurt!
You die...

##...##..##
....##.#.###### .##..†#.##
##.###...# .##..÷#.# ..#
##..# .##.#.#.# ### #..#
.##.#...# #..# .#..###.#
#..# ....##..#### ### ##.#
##..##...#.# ###..)# #..##
##÷........#####@g...#
#.<†#
##.##........#..##...#
###.## ##.....#.#..#.###
### #..####
...###.######## ####....##
......)# #....†[..#
..######
###########.######## .###
###...........#
...#########...######....#
..(..........#.# #....#


You could see Crazy Yiuf.

Vanquished Creatures
  2 adders (D:2)
  2 leopard geckos
  5 bats
  2 hobgoblins (D:1)
  2 jackals (D:2)
  3 kobolds
  2 ball pythons (D:2)
  3 frilled lizards
  2 goblins
  4 rats (D:2)
27 creatures vanquished.

Notes
Turn   | Place    | Note
-------+----------+-------------------------------------------
     0 | D:1      | Fortress the Draconian Conjurer began the quest for the
                  | Orb.
     0 | D:1      | Reached XP level 1. HP: 14/14 MP: 3/3
   561 | D:1      | Reached XP level 2. HP: 17/20 MP: 1/5
   810 | D:2      | Reached XP level 3. HP: 24/26 MP: 0/6
  1138 | D:2      | Found a runed translucent door.
  1139 | D:2      | Noticed Crazy Yiuf
  1144 | D:2      | Paralysed by Crazy Yiuf for 5 turns
  1146 | D:2      | Mangled by Crazy Yiuf

Levels and vault maps discovered:
D:1:      minmay_arrival_checkered_box, layout_basic
D:2:      layout_rooms, uniq_crazy_yiuf_cottage

Skill      XL: |  1  2 |
---------------+-------+-----
Dodging        | 2 |  2.0
Stealth        | |  1.8
Unarmed Combat | |  0.9
Spellcasting   | |  2.3
Conjurations   | |  4.7

Action                   || total
-------------------------++-------
Melee: Unarmed           ||    28
       Tailslap          ||     5
 Cast: Magic Dart        ||    44
  Eat: Chunk             ||     1
Armor: Skin              ||    10
Dodge: Dodged            ||    19
